Map: 2000 Atmospheres LE

Players

TIME (Oliveira) - Winner!

  • Race: Terran Terran

DRG

  • Race: Zerg Zerg

Event: DreamHack SC2 Masters Last Chance 2022

VOD

Have the link to the VOD?

Description

Time

  • Played on: Jan. 15, 2022, 11:28 a.m.
  • Length: 11:06

All games in this series

Show
View Real Time Build Order
Export as new Build Order

TIME Terran - Winner!

Build Orders: Reaper Expand 

Get SALT Encoding   

  12  0:00  SCV  
  13  0:12  SCV  
  14  0:18  Supply Depot  
  14  0:24  SCV  
  15  0:39  SCV  
  15  0:41  Barracks  
  16  0:44  Refinery  
  16  0:51  SCV  
  17  1:04  SCV  
  18  1:16  SCV  
  19  1:29  Reaper, Orbital Command  
  20  1:39  Command Center  
  20  1:47  Supply Depot  
  20  1:54  SCV  
  20  2:01  Marine  
  22  2:08  SCV  
  23  2:11  Factory  
  23  2:20  SCV  
  23  2:22  Barracks Reactor  
  24  2:32  SCV  
  25  2:43  Command Center  
  25  2:44  SCV  
  26  2:52  Orbital Command  
  26  2:56  SCV  
  27  3:00  Starport  
  27  3:08  SCV  
  27  3:11  Hellion  
  27  3:12  Hellion  
  32  3:16  Refinery  
  32  3:17  Marine  
  33  3:20  SCV  
  33  3:23  SCV  
  35  3:32  SCV  
  35  3:33  Hellion  
  38  3:35  SCV  
  38  3:40  Viking  
  41  3:43  Hellion  
  41  3:44  SCV  
  41  3:47  SCV  
  45  3:54  Barracks Tech Lab  
  47  3:55  Hellion  
  47  3:56  Orbital Command  
  47  3:59  SCV  
  47  4:01  SCV  
  49  4:04  Hellion  
  51  4:11  Supply Depot, SCV  
  51  4:14  Medivac  
  51  4:16  SCV  
  51  4:17  Hellion  
  57  4:19  Armory  
  57  4:23  SCV  
  58  4:24  Marine  
  58  4:26  Hellion  
  61  4:33  SCV x2  
  61  4:35  Supply Depot, SCV  
  61  4:36  Stimpack  
  64  4:41  Hellion  
  64  4:45  SCV  
  67  4:46  SCV  
  67  4:49  Starport Reactor, Marine  
  69  4:56  SCV  
  69  4:58  Supply Depot  
  70  5:05  SCV  
  70  5:07  SCV  
  72  5:09  SCV  
  72  5:12  Marine, Barracks  
  74  5:16  Refinery, Engineering Bay, Barracks  
  74  5:17  SCV, Refinery, Engineering Bay  
  74  5:18  Factory Tech Lab  
  74  5:19  SCV  
  74  5:20  Supply Depot  
  74  5:22  SCV  
  75  5:29  SCV  
  75  5:33  SCV  
  75  5:34  SCV  
  78  5:41  SCV  
  77  5:44  Siege Tank, Marine, Barracks  
  77  5:45  SCV  
  77  5:46  SCV, Barracks  
  83  5:51  Starport Reactor  
  83  5:53  SCV  
  80  5:58  SCV  
  80  6:00  Orbital Command  
  80  6:02  Marine x3  
  80  6:03  Supply Depot  
  84  6:06  Terran Infantry Weapons Level 1, Terran Infantry Armor Level 1  
  84  6:07  SCV  
  83  6:11  SCV  
  83  6:17  Marine  
  85  6:19  SCV, Marine  
  85  6:20  Marine x2  
  85  6:22  Siege Tank  
  85  6:23  Combat Shield, Marine  
  90  6:25  SCV x2  
  90  6:28  Medivac  
  90  6:31  Medivac  
  95  6:35  SCV  
  95  6:36  Supply Depot, Refinery, Marine  
  95  6:37  Supply Depot  
  95  6:39  Barracks Reactor x2  
  97  6:41  SCV  
  97  6:43  SCV  
  97  6:45  Marine x2  
  101  6:50  Command Center  
  101  6:57  Marine x3  
  101  6:58  Refinery, Siege Tank  
  101  6:59  SCV, Drilling Claws  
  101  7:00  Supply Depot  
  108  7:01  Supply Depot  
  108  7:03  Marine x2  
  110  7:10  SCV x2  
  110  7:12  Factory  
  110  7:13  SCV  
  110  7:15  Marine x2  
  115  7:17  Marine  
  115  7:19  Marine  
  115  7:21  Marine x2  
  119  7:23  Marine x2  
  119  7:26  Medivac x2  
  119  7:27  SCV, Marine  
  127  7:33  Marine x2  
  129  7:37  Missile Turret  
  129  7:38  Missile Turret  
  129  7:39  Missile Turret, SCV  
  129  7:40  SCV, Marine  
  129  7:42  Marine  
  133  7:45  Supply Depot  
  133  7:48  Marine  
  132  7:54  Marine x2  
  132  7:55  Marine  
  133  7:58  Factory Reactor  
  133  8:04  Barracks  
  133  8:05  SCV  
  132  8:06  Missile Turret, SCV x2, Barracks  
  132  8:07  Barracks  
  132  8:09  Terran Infantry Weapons Level 2, Terran Infantry Armor Level 2  
  132  8:10  Marine, Terran Vehicle And Ship Armor Level 1  
  132  8:11  Marine x2  
  137  8:14  Widow Mine  
  137  8:15  Missile Turret  
  137  8:18  Marine  
  140  8:20  SCV, Marine  
  140  8:21  Supply Depot  
  140  8:22  Marine x2  
  140  8:25  Marine  
  145  8:28  SCV  
  145  8:30  Marine x2  
  148  8:37  Medivac x2  
  148  8:38  Widow Mine x2  
  156  8:42  Widow Mine  
  156  8:48  Marine x3  
  151  8:50  SCV  
  151  8:51  SCV, Marine  
  151  8:53  Marine x2  
  151  8:54  Marine  
  155  8:58  SCV  
  155  8:59  Missile Turret  
  155  9:01  Supply Depot  
  155  9:02  Planetary Fortress  
  153  9:05  Marine  
  153  9:06  SCV  
  148  9:15  Marine x2  
  148  9:16  Marine x2  
  122  9:17  Marine x3  
  122  9:19  Widow Mine x3  
  122  9:22  SCV x2  
  128  9:25  Marine  
  128  9:26  Medivac x2  
  128  9:28  Marine  
  130  9:31  Barracks Tech Lab  
  130  9:32  Barracks Tech Lab  
  130  9:33  Barracks Tech Lab, Marine x2  
  130  9:34  Marine  
  130  9:37  Marine x2  
  135  9:39  Marine x2  
  135  9:40  Sensor Tower  
  135  9:45  Marine  
  138  9:46  Widow Mine x2, Marine  
  138  9:49  Supply Depot  
  138  9:51  Thor  
  145  9:53  Marine  
  145  9:59  Marine x2  
  148  10:00  Marine x2  
  148  10:01  Marine  
  148  10:02  Marauder  
  148  10:03  Marauder x2  
  157  10:09  Marine x3  
  157  10:16  Marine  
  157  10:17  Marine  
  157  10:18  Marine x2  
  157  10:19  Widow Mine x2  
  143  10:24  Command Center  
  143  10:26  Marine x2  
  143  10:27  Supply Depot, Medivac  
  147  10:31  Marauder x2  
  147  10:32  Marine x3  
  154  10:36  Marine  
  154  10:45  Marine x2  
  154  10:48  Marine x2  
Show
View Real Time Build Order
Export as new Build Order

DRG Zerg 

Build Orders: Hatch First 

Get SALT Encoding   

  12  0:00  Drone  
  13  0:12  Overlord  
  13  0:17  Drone  
  14  0:30  Drone x2  
  16  0:48  Hatchery  
  15  0:51  Drone  
  15  0:54  Drone  
  17  0:58  Drone  
  18  1:08  Extractor  
  17  1:13  Spawning Pool  
  17  1:15  Drone  
  17  1:20  Drone  
  18  1:27  Drone  
  19  1:38  Drone  
  20  1:49  Drone  
  21  1:59  Queen x2  
  21  2:00  Zergling x4  
  27  2:10  Overlord  
  27  2:11  Drone  
  28  2:20  Hatchery  
  28  2:22  Drone  
  28  2:30  Drone  
  28  2:32  Drone  
  28  2:35  Drone  
  31  2:38  Queen  
  33  2:44  Metabolic Boost  
  33  2:50  Overlord  
  34  2:51  Drone  
  34  2:53  Drone  
  34  2:55  Drone  
  36  3:04  Overlord  
  36  3:09  Drone x2  
  36  3:10  Drone  
  36  3:11  Drone  
  40  3:13  Queen  
  40  3:16  Drone  
  40  3:18  Drone  
  44  3:26  Drone  
  45  3:28  Drone  
  45  3:29  Queen  
  45  3:33  Queen  
  50  3:36  Overlord  
  50  3:38  Drone  
  50  3:40  Drone  
  52  3:43  Drone x2  
  52  3:45  Drone  
  52  3:48  Drone  
  56  3:51  Zergling x4  
  58  3:55  Queen  
  58  3:59  Drone  
  61  4:04  Drone x3  
  61  4:06  Overlord  
  61  4:08  Drone  
  64  4:13  Overlord  
  64  4:16  Overlord  
  64  4:20  Queen, Overlord  
  66  4:24  Overlord  
  66  4:26  Drone x4  
  66  4:27  Drone  
  71  4:34  Queen  
  71  4:36  Drone  
  74  4:40  Drone x2  
  74  4:41  Drone x3  
  74  4:42  Lair  
  74  4:44  Extractor  
  74  4:45  Drone  
  79  4:46  Extractor x2  
  79  4:51  Zergling x6, Baneling Nest  
  79  4:54  Zergling x4  
  79  4:57  Overlord  
  79  4:58  Drone  
  82  5:01  Drone  
  82  5:03  Queen  
  82  5:06  Zergling x2  
  85  5:09  Spore Crawler  
  85  5:10  Drone x3  
  85  5:11  Extractor  
  85  5:12  Drone, Spore Crawler  
  86  5:15  Drone x2, Extractor  
  86  5:19  Zergling x4  
  86  5:21  Drone  
  90  5:22  Drone  
  90  5:30  Zergling x2  
  87  5:36  Zergling x10  
  87  5:44  Drone  
  87  5:46  Drone  
  88  5:50  Spire  
  88  5:53  Drone  
  88  5:54  Drone  
  87  5:57  Drone  
  87  5:58  Drone  
  86  6:08  Drone  
  86  6:09  Drone  
  87  6:11  Drone  
  88  6:25  Drone x3  
  87  6:26  Drone x3  
  87  6:31  Drone x3  
  93  6:33  Centrifugal Hooks  
  93  6:42  Zergling x8  
  97  6:53  Hatchery  
  96  6:56  Overlord x2  
  96  7:07  Mutalisk  
  96  7:08  Mutalisk x4  
  106  7:10  Zerg Flyer Weapons Level 1, Overlord x2  
  106  7:15  Evolution Chamber, Mutalisk x2  
  105  7:17  Evolution Chamber  
  105  7:19  Mutalisk x2  
  105  7:22  Mutalisk  
  113  7:30  Baneling x3  
  113  7:31  Baneling  
  113  7:35  Zergling x6  
  113  7:36  Zergling x2  
  117  7:38  Mutalisk x2  
  117  7:41  Mutalisk  
  117  7:43  Zergling x12  
  130  7:45  Hatchery  
  125  7:54  Zergling x18  
  127  8:01  Zerg Ground Armor Level 1, Zerg Melee Weapons Level 1  
  127  8:04  Mutalisk x2  
  131  8:08  Zergling x8  
  135  8:14  Zergling x2  
  135  8:15  Baneling  
  135  8:16  Baneling x6  
  135  8:17  Zergling x2  
  136  8:24  Hatchery  
  136  8:26  Zergling x8  
  137  8:32  Overlord x2  
  137  8:34  Overlord x2  
  137  8:46  Zergling x8  
  137  8:47  Overlord x2  
  134  8:49  Baneling x9  
  134  8:53  Zergling x2  
  134  8:54  Zergling x6  
  129  9:02  Mutalisk x2  
  131  9:06  Zergling x6  
  124  9:14  Mutalisk x2  
  124  9:16  Zergling x4  
  105  9:21  Mutalisk  
  104  9:26  Baneling x5  
  104  9:36  Drone x3  
  107  9:40  Mutalisk x3, Extractor  
  107  9:44  Zergling x12  
  118  9:53  Zergling x8  
  118  9:59  Zergling x2  
  122  10:01  Overseer  
  122  10:03  Pneumatized Carapace  
  122  10:06  Baneling x5  
  122  10:07  Hatchery  
  110  10:18  Mutalisk x2  
  105  10:27  Zergling x12  
  111  10:32  Zergling x12  
  111  10:34  Zergling x2  
  118  10:38  Baneling x3  
  118  10:44  Zergling x12  
  118  10:47  Zergling x2  
  118  10:48  Zergling x2  

Tags
 
Add a new tag
Caveats
  • Supply blocks, unpowered buildings, or Contaminate may cause inaccurate times.
  • Supply counts are checked every 10 seconds.